[Event "European Rapid Championship 2021"]
[Site "Katowice"]
[Date "2021.12.18"]
[Round "2.10"]
[White "Mirski, Michal"]
[Black "Kyc, Jerzy"]
[Result "0-1"]
[ECO "B91"]
[WhiteElo "1852"]
[BlackElo "2308"]
[Annotator "ChessBase"]
[PlyCount "102"]
[EventDate "2021.12.18"]
[EventType "swiss"]
[EventCountry "POL"]
[SourceTitle "playchess.com"]
[Source "ChessBase"]
[SourceQuality "1"]
[TimeControl "900+10"]

1. e4 c5 2. Nf3 d6 3. d4 cxd4 4. Nxd4 Nf6 5. Nc3 a6 6. g3 e5 7. Nde2 Be7 8. Bg2 O-O 9. O-O b5 10. h3 Bb7 11. Be3 Nbd7 12. a4 b4 13.
Nd5 Nxd5 14. exd5 f5 15. Qd2 a5 16. f4 Bf6 17. c3 bxc3 18.
Nxc3 e4 19. g4 g6 20. g5 Bg7 21. Bd4 Bxd4+ 22. Qxd4 Qb6 23. Qxb6 Nxb6 24. Rfd1 Rac8 25. Rd4 Kf7 26. Bf1 Ke7 27. Bb5 Rc5 28. Rad1 h6 29. h4 hxg5 30. hxg5 Rh8 31. Bc6 Bxc6 32. dxc6 Rxc6 33. Nb5 Rd8 34. b3 d5 35. Kf2 Rc2+ 36. Ke3 Rb2 37. Rh1 Rxb3+ 38. Ke2 Rb2+ 39. Rd2 Nxa4 40. Rh7+ Ke6 41. Nd4+ Kd6 42. Rxb2 Nxb2 43. Rg7 Re8 44. Rxg6+ Kc5 45. Nxf5 d4 46. Ra6 d3+ 47. Kd2 Nc4+ 48. Kc3 d2 49. Ne3 Nxe3 50. Kxd2 Nc4+ 51. Ke2 Rf8 0-1

[Event "European Rapid Championship 2021"]
[Site "Katowice"]
[Date "2021.12.18"]
[Round "2.11"]
[White "Kosakowski, Jakub"]
[Black "Rog, Bartlomiej"]
[Result "1/2-1/2"]
[ECO "B52"]
[WhiteElo "2438"]
[BlackElo "1859"]
[Annotator "ChessBase"]
[PlyCount "86"]
[EventDate "2021.12.18"]
[EventType "swiss"]
[EventCountry "POL"]
[SourceTitle "playchess.com"]
[Source "ChessBase"]
[SourceQuality "1"]
[TimeControl "900+10"]

1. e4 c5 2. Nf3 d6 3. Bb5+ Bd7 4. Bxd7+ Qxd7 5. c4 e5 6. Nc3 g6 7. O-O Bg7 8. d3 Ne7 9. a3 Nbc6 10. Rb1 a5 11. Bg5 f5 12. Bxe7 Nxe7 13.
b4 axb4 14. axb4 O-O 15. Nd5 Nxd5 16. cxd5 Bh6 17. bxc5 dxc5 18. Qb3 Qd6 19. Qc3 Ra4 20. Qxe5 Qxe5 21. Nxe5 fxe4 22. dxe4 Rxe4 23. Nd7 Rf7 24. Nxc5 Re2 25. Rxb7 Rxb7 26. Nxb7 Rd2 27. d6 Bf8 28. Nc5 Bxd6 29. Ne4 Rd4 30. Re1 Bb4 31. Rc1 Rxe4 32. Kf1 Kf7 33. g3 h5 34. h4 Kf6 35. Rc6+ Kf5 36. Kg2 Re2 37. Rc4 Bd2 38. Rc2 Ke4 39. Rc6 Be3 40. Re6+ Kd3 41. Rxe3+ Rxe3 42. fxe3 Kxe3 43. g4 Kf4 1/2-1/2

[Event "European Rapid Championship 2021"]
[Site "Katowice"]
[Date "2021.12.18"]
[Round "2.12"]
[White "Skurniak, Szymon"]
[Black "Kowalski, Igor"]
[Result "1/2-1/2"]
[ECO "B06"]
[WhiteElo "1851"]
[BlackElo "2295"]
[Annotator "ChessBase"]
[PlyCount "88"]
[EventDate "2021.12.18"]
[EventType "swiss"]
[EventCountry "POL"]
[SourceTitle "playchess.com"]
[Source "ChessBase"]
[SourceQuality "1"]
[TimeControl "900+10"]

1. e4 g6 2. d4 Bg7 3. Nc3 d6 4. Be3 a6 5. g4 b5 6. Bg2 Bb7 7. h4 b4 8. Nce2 Nf6 9. Ng3 h5 10. gxh5 Nxh5 11. Nxh5 Rxh5 12. Bf3 Rh8 13. h5 gxh5 14. Rxh5 Nd7 15. e5 Bxf3 16. Qxf3 Rxh5 17. Qxh5 dxe5 18. Qg5 Kf8 19. O-O-O e6 20. Qxd8+ Rxd8 21. dxe5 Bxe5 22. Bc5+ Ke8 23. Bxb4 Rb8 24. Ba3 Nb6 25. b3 Nd5 26. Ne2 f5 27. c4 Ne7 28. f4 Bf6 29. Nd4 Bxd4 30.
Rxd4 Ng6 31. Kd2 Rd8 32.
Rxd8+ Kxd8 33. Ke3 Kd7 34. Bb2 c5 35. a3 Kc6 36. Bf6 Kd6 37.
b4 Kc6 38. Bc3 Nh4 39. Be5 Ng2+ 40. Kf2 Nh4 41. Ke3 Ng6 42. Bf6 Kb6 43. Bd8+ Kc6 44. Bf6 Kd6 1/2-1/2

[Event "European Rapid Championship 2021"]
[Site "Katowice"]
[Date "2021.12.18"]
[Round "2.13"]
[White "Malczyk, Radoslaw"]
[Black "Tazbir, Marcin"]
[Result "0-1"]
[ECO "D20"]
[WhiteElo "1926"]
[BlackElo "2514"]
[Annotator "ChessBase"]
[PlyCount "92"]
[EventDate "2021.12.18"]
[EventType "swiss"]
[EventCountry "POL"]
[SourceTitle "playchess.com"]
[Source "ChessBase"]
[SourceQuality "1"]
[TimeControl "900+10"]

1. d4 d5 2. c4 dxc4 3. e3 Nf6 4. Bxc4 a6 5. Nf3 b5 6. Be2 Bb7 7. O-O Nbd7 8. a4 Qb8 9. axb5 axb5 10. Rxa8 Bxa8 11. Qb3 b4 12. Ne5 e6 13. Nxd7 Nxd7 14. Qa4 Bd6 15. Nd2 Ke7 16. Nc4 Nb6 17. Qc2 Nxc4 18. Bxc4 c5 19. dxc5 Bxh2+ 20. Kh1 Qe5 21. f4 Qh5 22. Qd1 Qxd1 23. Rxd1 Bg3 24. Bd2 Rd8 25. Be2 b3 26. Bc3 f6 27. Ra1 e5 28. Ra7+ Ke6 29. Bc4+ Kf5 30. Bxb3 exf4 31. exf4 Bxf4 32. Rxg7 Be4 33. Kg1 Be3+ 34. Kh2 Bxc5 35. Rxh7 Kg6 36. Rh3 Ra8 37. Be1 Ra1 38. Bg3 Rg1 39. Rh4 f5 40. Bf4 Rxg2+ 41. Kh3 Rf2 42. Bd1 Rf1 43. Bh5+ Kf6 44. Bd2 Rh1+ 45. Kg3 Bd6+ 46. Bf4 Bxf4+ 0-1

[Event "European Rapid Championship 2021"]
[Site "Katowice"]
[Date "2021.12.18"]
[Round "2.13"]
[White "Paczka, Patryk"]
[Black "Lubczynski, Rafal"]
[Result "1/2-1/2"]
[ECO "B07"]
[WhiteElo "1851"]
[BlackElo "2289"]
[Annotator "ChessBase"]
[PlyCount "83"]
[EventDate "2021.12.18"]
[EventType "swiss"]
[EventCountry "POL"]
[SourceTitle "playchess.com"]
[Source "ChessBase"]
[SourceQuality "1"]
[TimeControl "900+10"]

1. e4 d6 2. d4 Nf6 3. Nc3 e5 4. dxe5 dxe5 5. Qxd8+ Kxd8 6. Bc4 Be6 7. Bxe6 fxe6 8. f3 Bd6 9. Be3 Ke7 10. O-O-O Nc6 11. Nge2 Rhb8 12. Nb5 a6 13. Nxd6 cxd6 14. Rd2 h6 15. Bb6 Rc8 16. Nc3 Nd7 17. Na4 Nd8 18. Rhd1 Nf7 19. Be3 Rc6 20. Kb1 b5 21. Nc3 Rb8 22. Ne2 a5 23. g3 b4 24. Rc1 Nf6 25. c4 b3 26. Rc3 bxa2+ 27. Kxa2 a4 28. Rdc2 g5 29. Ra3 Rb4 30. c5 d5 31. Bd2 Rb7 32. Rxa4 g4 33.
exd5 exd5 34. fxg4 d4 35. Nxd4 exd4 36. Rxd4 Ra6+ 37. Kb1 Ne5 38. b4 Nc6 39. Rdc4 Ne5 40. Rd4 Nc6 41. Rdc4 Ne5 42. Rd4 1/2-1/2

[Event "European Rapid Championship 2021"]
[Site "Katowice"]
[Date "2021.12.18"]
[Round "2.14"]
[White "Wisniewski, Adrian"]
[Black "Deren, Marcin"]
[Result "1-0"]
[ECO "B50"]
[WhiteElo "2351"]
[BlackElo "1852"]
[Annotator "ChessBase"]
[PlyCount "71"]
[EventDate "2021.12.18"]
[EventType "swiss"]
[EventCountry "POL"]
[SourceTitle "playchess.com"]
[Source "ChessBase"]
[SourceQuality "1"]
[TimeControl "900+10"]

1. e4 c5 2. Nf3 d6 3. c3 Nf6 4. Bc4 e6 5. d3 Be7 6. Nbd2 O-O 7. O-O d5 8. Bb3 dxe4 9. dxe4 Qc7 10. Re1 Rd8 11. Qe2 b6 12. e5 Nd5 13. Nf1 Nd7 14. Ng3 Nf8 15. h4 h6 16. Bc2 Bb7 17. a3 c4 18. h5 b5 19. Nd4 a6 20. Qg4 Kh8 21. Bd2 Bc5 22. Rad1 Ne7 23. Bc1 Nc6 24. Nf3 Rxd1 25. Bxd1 Qb6 26. Be3 Rd8 27. Bc2 Bxe3 28. Rxe3 Ne7 29. Nd4 Nd5 30. Re1 Ne7 31. Ne4 Bxe4 32. Qxe4 Nd5 33. Qf3 Qa7 34. Nc6 Qd7 35. Nxd8 Qxd8 36. Qxf7 1-0

[Event "European Rapid Championship 2021"]
[Site "Katowice"]
[Date "2021.12.18"]
[Round "2.15"]
[White "Jagodzinski, Piotr"]
[Black "Starosta, Martyna"]
[Result "1-0"]
[ECO "A05"]
[WhiteElo "2145"]
[BlackElo "1851"]
[Annotator "ChessBase"]
[PlyCount "141"]
[EventDate "2021.12.18"]
[EventType "swiss"]
[EventCountry "POL"]
[SourceTitle "playchess.com"]
[Source "ChessBase"]
[SourceQuality "1"]
[TimeControl "900+10"]

1. Nf3 Nf6 2. b3 d5 3. Bb2 c5 4. e3 Nc6 5. d4 cxd4 6. Nxd4 Bg4 7. Be2 Bxe2 8. Qxe2 e6 9. Nd2 Rc8 10. c3 Bd6 11. O-O O-O 12. c4 Bb8 13.
cxd5 Nxd5 14. Nc4 Qh4 15. h3 Nce7 16. Rac1 Rfd8 17. Rfd1 Ng6 18. Nf3 Qe7 19. Ba3 Qf6 20. Na5 Rxc1 21. Rxc1 b6 22. Nc6 Re8 23. Bb2 e5 24. Qb5 Nc7 25. Qa4 Ne6 26. Nxb8 Rxb8 27. Qxa7 Qd8 28. Nxe5 Nxe5 29. Bxe5 Ra8 30. Qb7 Nc5 31. Qf3 Rxa2 32. Rd1 Qe8 33. Qc6 Ra8 34. Qxb6 Nd7 35. Rxd7 Qxd7 36. b4 f6 37. Bd4 Ra4 38. b5 Rb4 39. Qb8+ Kf7 40. b6 Rb5 41. Qa8 Rb1+ 42. Kh2 Qd6+ 43. f4 Qb4 44. Qb7+ Qe7 45. Qa8 Rb5 46. Qc6 Rb1 47. Qc2 Qb4 48.
Qxh7 Qe1 49. Qc2 Qg1+ 50. Kg3 Qe1+ 51. Qf2 Ke6 52. Qxe1 Rxe1 53. Kf2 Rb1 54. g4 Kd5 55. h4 Ke4 56. h5 Rb3 57. Kg3 Rb1 58. Kg2 Rb3 59. g5 fxg5 60. fxg5 Kf5 61. h6 gxh6 62. gxh6 Kg6 63. Kf3 Kxh6 64. Ke4 Kg6 65. Kd5 Rb1 66. Kc6 Rc1+ 67. Bc5 Rh1 68. b7 Rh8 69. Bd6 Kf5 70. Kd5 Re8 71. b8=Q 1-0

[Event "European Rapid Championship 2021"]
[Site "Katowice"]
[Date "2021.12.18"]
[Round "2.15"]
[White "Andrejczuk, Beata"]
[Black "Sumets, Andrey"]
[Result "0-1"]
[ECO "B23"]
[WhiteElo "1925"]
[BlackElo "2508"]
[Annotator "ChessBase"]
[PlyCount "36"]
[EventDate "2021.12.18"]
[EventType "swiss"]
[EventCountry "POL"]
[SourceTitle "playchess.com"]
[Source "ChessBase"]
[SourceQuality "1"]
[TimeControl "900+10"]

1. e4 c5 2. Nc3 e6 3. f4 d5 4. e5 Nc6 5. Nf3 a6 6. a4 Nh6 7. g3 Qb6 8. d3 Bd7 9. Bg2 Nf5 10. O-O h5 11. Bd2 c4+ 12. Kh1 cxd3 13. cxd3 h4 14. gxh4 Be7 15. a5 Qa7 16. Be1 Ne3 17. Bf2 Nxd1 18. Bxa7 Nxc3 0-1

[Event "European Rapid Championship 2021"]
[Site "Katowice"]
[Date "2021.12.18"]
[Round "2.16"]
[White "Musial, Tomasz"]
[Black "Vetoshko, Volodymyr"]
[Result "1/2-1/2"]
[ECO "D30"]
[WhiteElo "1916"]
[BlackElo "2483"]
[Annotator "ChessBase"]
[PlyCount "66"]
[EventDate "2021.12.18"]
[EventType "swiss"]
[EventCountry "POL"]
[SourceTitle "playchess.com"]
[Source "ChessBase"]
[SourceQuality "1"]
[TimeControl "900+10"]

1. d4 d5 2. c4 e6 3. Nf3 a6 4. Nbd2 Nf6 5. g3 dxc4 6. Nxc4 b5 7.
Nce5 Bb7 8. Bg2 Bd5 9. O-O Be7 10. Bf4 O-O 11. Rc1 Bd6 12.
Nd3 Nbd7 13. Nfe5 Bxg2 14. Kxg2 Bxe5 15. Nxe5 Nxe5 16. Bxe5 Qd5+ 17. Kg1 Nd7 18. Bxc7 Qxa2 19. Bd6 Rfc8 20. Rxc8+ Rxc8 21. Qa1 Qxa1 22. Rxa1 Rc6 23. Bb4 f5 24. Kf1 Kf7 25. Ke1 Nf6 26. Bc5 e5 27. dxe5 Rxc5 28. exf6 gxf6 29. Rxa6 Rc2 30. Ra7+ Kg6 31. Rb7 Rxb2 32. f3 b4 33. Kf2 b3 1/2-1/2

[Event "European Rapid Championship 2021"]
[Site "Katowice"]
[Date "2021.12.18"]
[Round "2.16"]
[White "Gorkiewicz, Mateusz"]
[Black "Skawinski, Arkadiusz"]
[Result "1/2-1/2"]
[ECO "C02"]
[WhiteElo "1841"]
[BlackElo "2367"]
[Annotator "NA"]
[PlyCount "76"]
[EventDate "2021.12.18"]
[EventType "swiss"]
[EventCountry "POL"]
[SourceTitle "playchess.com"]
[Source "ChessBase"]
[SourceQuality "1"]
[TimeControl "900+10"]

1. e4 e6 2. d4 d5 3. e5 c5 4. c3 Qb6 5. Nf3 Nc6 6. Bd3 cxd4 7. cxd4 Bd7 8.
Bc2 Nb4 9. O-O Rc8 10. Nc3 Nxc2 11. Qxc2 Bb4 12. Be3 Ne7 13. Rac1 Bxc3 14. bxc3 h6 15. Rfe1 O-O 16. g4 Qa6 17. Nh4 Bb5 18. f4 Bd3 19. Qf2 f5 20. g5 hxg5 21. fxg5 Be4 22. Bf4 Kf7 23. Ng2 Bxg2 24. Kxg2 Ng6 25. Rc2 Rh8 26. Bg3 Ke7 27. Rb1 f4 28. Rcb2 b6 29. Qc2 fxg3 30. Qxg6 Rxh2+ 31. Kxg3 Rxb2 32. Qxg7+ Kd8 33. Qf6+ Kc7 34. Rxb2 Qd3+ 35.
Qf3 Qg6 36. Qf6 Qd3+ 37. Qf3 Qg6 38. Qf6 Qd3+ 1/2-1/2

[Event "European Rapid Championship 2021"]
[Site "Katowice"]
[Date "2021.12.18"]
[Round "2.17"]
[White "Janik, Igor"]
[Black "Spyra, Piotr"]
[Result "1-0"]
[ECO "C00"]
[WhiteElo "2462"]
[BlackElo "1920"]
[Annotator "ChessBase"]
[PlyCount "81"]
[EventDate "2021.12.18"]
[EventType "swiss"]
[EventCountry "POL"]
[SourceTitle "playchess.com"]
[Source "ChessBase"]
[SourceQuality "1"]
[TimeControl "900+10"]

1. e4 e6 2. Qe2 d5 3. exd5 Qxd5 4. Nc3 Qd6 5. Nf3 Nf6 6. g3 a6 7. d4 Nc6 8. Bf4 Qb4 9. O-O-O Bd6 10. Bxd6 cxd6 11. d5 Ne7 12. dxe6 fxe6 13. Qe3 Nf5 14. Qd2 O-O 15. Bh3 b5 16. Bxf5 exf5 17. Nd4 Bb7 18. Rhe1 d5 19. a3 Qd6 20. Nxf5 Qd7 21. Qg5 Rae8 22. Rxe8 Rxe8 23. f3 Bc8 24. Nd4 Bb7 25. Qd2 Qh3 26. Nb3 d4 27. Nxd4 Rd8 28. Qe2 Re8 29. Qf2 Rf8 30. Qg1 Nd5 31. Nxd5 Bxd5 32. Qe3 Qxh2 33. Qe5 Qh6+ 34. f4 Bc4 35. b3 Bf7 36. Nf5 Qf6 37. Qxf6 gxf6 38. Rd6 Bg6 39. Ne3 Re8 40. Kd2 a5 41. f5 1-0

[Event "European Rapid Championship 2021"]
[Site "Katowice"]
[Date "2021.12.18"]
[Round "2.17"]
[White "Szwed, Jacek"]
[Black "Malik, Maciej"]
[Result "1-0"]
[ECO "B07"]
[WhiteElo "2372"]
[BlackElo "1849"]
[Annotator "ChessBase"]
[PlyCount "133"]
[EventDate "2021.12.18"]
[EventType "swiss"]
[EventCountry "POL"]
[SourceTitle "playchess.com"]
[Source "ChessBase"]
[SourceQuality "1"]
[TimeControl "900+10"]

1. e4 g6 2. d4 d6 3. Nc3 Nf6 4. g3 Bg7 5. Bg2 O-O 6. Nge2 c6 7. O-O e5 8. h3 b5 9. a3 a6 10. Be3 Nbd7 11. Qd2 Bb7 12. Bh6 c5 13. d5 Nb6 14. b3 Nfd7 15.
Nd1 f5 16. Bxg7 Kxg7 17. exf5 gxf5 18. f4 Qf6 19. Ne3 e4 20. g4 Kh8 21. Ng3 Qd4 22. Qxd4+ cxd4 23. Nexf5 e3 24. Nxd4 Bxd5 25. Ngf5 Bxg2 26. Kxg2 Nd5 27. c4 bxc4 28. bxc4 N5b6 29. Nxe3 Rae8 30. Ndf5 Nc5 31. Rab1 Nba4 32.
Rbd1 Ne4 33. Kf3 Nb2 34. Rd4 Nc5 35. Nxd6 Rb8 36. Rd5 Ne6 37. Ndf5 Rb3 38. Rb1 Rfb8 39. Ke4 Nc7 40. Re5 Ne8 41. g5 Rd8 42. Rd5 Rc8 43. h4 Nc7 44. Re5 Rd8 45. Re7 Ne8 46. c5 Nd3 47. Rxb3 Nxc5+ 48. Ke5 Nxb3 49. h5 Nc5 50. Nh6 Nd7+ 51. Kf5 Nd6+ 52. Kg4 a5 53. Nf7+ Nxf7 54. Rxf7 a4 55. Nf5 Kg8 56. Nh6+ Kh8 57. g6 hxg6 58. hxg6 Ne5+ 59. fxe5 Rd4+ 60. Rf4 Rd1 61. Kg5 Rg1+ 62. Kh5 Rh1+ 63. Rh4 Rg1 64. Nf5 Kg8 65. Rxa4 Rh1+ 66. Kg5 Rg1+ 67. Kf6 1-0

[Event "European Rapid Championship 2021"]
[Site "Katowice"]
[Date "2021.12.18"]
[Round "2.18"]
[White "Kalogeris, Ioannis"]
[Black "Panek, Bartosz"]
[Result "1-0"]
[ECO "B18"]
[WhiteElo "2357"]
[BlackElo "1838"]
[Annotator "ChessBase"]
[PlyCount "96"]
[EventDate "2021.12.18"]
[EventType "swiss"]
[EventCountry "POL"]
[SourceTitle "playchess.com"]
[Source "ChessBase"]
[SourceQuality "1"]
[TimeControl "900+10"]

1. e4 c6 2. d4 d5 3. Nc3 dxe4 4. Nxe4 Bf5 5. Qf3 Bxe4 6. Qxe4 Nf6 7. Qe3 g6 8. Qb3 Qd7 9. Nf3 e6 10. Bf4 Bg7 11. O-O-O O-O 12. Be2 Nd5 13. Be5 Nb6 14. h4 Qe7 15. h5 N8d7 16. hxg6 hxg6 17. Qe3 Nd5 18. Qe4 Nxe5 19. Nxe5 c5 20. f4 cxd4 21. Rxd4 Rfd8 22. Bf3 Rac8 23. Rhd1 Qc7 24. Rc4 Qb6 25. Rcd4 Qc7 26. g3 Rd6 27. Rc4 Qd8 28. Rxc8 Qxc8 29. Qc4 Qxc4 30. Nxc4 Rd7 31. Ne3 Nb6 32. Rxd7 Nxd7 33. Bxb7 e5 34. b4 exf4 35. gxf4 Bh6 36. Ng2 Kf8 37. Kd2 Ke7 38. c4 g5 39. Ne3 Ke6 40. Bd5+ Kf6 41. Ng4+ Kg6 42. f5+ Kg7 43. Nxh6 Kxh6 44. Bxf7 g4 45. Be6 Ne5 46. f6 g3 47. Ke2 g2 48. Kf2 Ng4+ 1-0

[Event "European Rapid Championship 2021"]
[Site "Katowice"]
[Date "2021.12.18"]
[Round "2.18"]
[White "Gasik, Piotr"]
[Black "Gumularz, Szymon"]
[Result "0-1"]
[ECO "A10"]
[WhiteElo "1911"]
[BlackElo "2452"]
[Annotator "ChessBase"]
[PlyCount "36"]
[EventDate "2021.12.18"]
[EventType "swiss"]
[EventCountry "POL"]
[SourceTitle "playchess.com"]
[Source "ChessBase"]
[SourceQuality "1"]
[TimeControl "900+10"]

1. c4 g6 2. Nf3 Bg7 3. Nc3 c5 4. d4 cxd4 5. Nxd4 Nc6 6. Nc2 d6 7. e4 Bxc3+ 8. bxc3 Qa5 9. Qd2 Nf6 10. f3 Be6 11. Nb4 Rc8 12. Nd5 Nd7 13.
Qh6 Bxd5 14. Qg7 Nf6 15. Qxh8+ Kd7 16. Qxc8+ Kxc8 17. cxd5 Qxc3+ 18. Kd1 Nd4 0-1

[Event "European Rapid Championship 2021"]
[Site "Katowice"]
[Date "2021.12.18"]
[Round "2.19"]
[White "Frej, Zofia"]
[Black "Kuegel, Tobias"]
[Result "1/2-1/2"]
[ECO "C50"]
[WhiteElo "1838"]
[BlackElo "2242"]
[Annotator "ChessBase"]
[PlyCount "126"]
[EventDate "2021.12.18"]
[EventType "swiss"]
[EventCountry "POL"]
[SourceTitle "playchess.com"]
[Source "ChessBase"]
[SourceQuality "1"]
[TimeControl "900+10"]

1. e4 e5 2. Nf3 Nc6 3. Bc4 Bc5 4. d3 Nf6 5. O-O O-O 6. c3 h6 7. Nbd2 a6 8. Bb3 Re8 9. h3 d6 10. Re1 Ba7 11. Nf1 Be6 12. Bc2 d5 13.
exd5 Bxd5 14. Ng3 Qd7 15. Be3 Bxe3 16. Rxe3 Rad8 17. Qe2 Bxf3 18. Qxf3 Qd5 19. Ne4 Nxe4 20. Rxe4 Rf8 21. Qh5 Rd6 22. Rg4 Kh8 23. Rg3 Qb5 24. Rb1 Qa5 25. Bb3 Rf6 26. Re1 Qb6 27. Re2 Kg8 28. Qg4 g6 29. Qh4 Kg7 30. Qe4 Rd8 31. Rf3 Rxf3 32. Qxf3 Rd7 33. Qe4 Qc5 34. Re3 Qd6 35. Bc2 Qd5 36. Qxd5 Rxd5 37. Kf1 f5 38. g3 Kf6 39. Ke2 Rb5 40. b3 Rc5 41. Kd2 a5 42. f4 b5 43.
fxe5+ Rxe5 44. Rxe5 Kxe5 45. Ke3 b4 46. d4+ Kf6 47. c4 Nd8 48.
Bd1 Ne6 49. Bf3 c5 50. dxc5 Nxc5 51. Kd4 Ne6+ 52. Kd5 g5 53. c5 f4 54. g4 Ke7 55. c6 Nc7+ 56. Kc5 Ne6+ 57. Kd5 Nc7+ 58. Kc5 Ne6+ 59. Kb6 Kd6 60. Be4 Nc7 61. Bf3 Ne6 62. Be4 Nc7 63. Bf3 Ne6 1/2-1/2

[Event "European Rapid Championship 2021"]
[Site "Katowice"]
[Date "2021.12.18"]
[Round "2.20"]
[White "Tolmacevs, Artjoms"]
[Black "Mirzoev, Emil"]
[Result "0-1"]
[ECO "B05"]
[WhiteElo "1908"]
[BlackElo "2418"]
[Annotator "NA"]
[PlyCount "58"]
[EventDate "2021.12.18"]
[EventType "swiss"]
[EventCountry "POL"]
[SourceTitle "playchess.com"]
[Source "ChessBase"]
[SourceQuality "1"]
[TimeControl "900+10"]

1. e4 Nf6 2. e5 Nd5 3. d4 d6 4. Nf3 Bg4 5. Be2 c6 6. O-O Bxf3 7. Bxf3 dxe5 8. dxe5 e6 9. c4 Ne7 10. Qe2 Nd7 11. Bg5 Qc7 12. Bxe7 Bxe7 13. Re1 Bb4 14. Nc3 Bxc3 15. bxc3 O-O 16. Rad1 Rad8 17. Rd4 Qa5 18. Qe3 Rfe8 19. Rh4 Qc5 20. Be4 Qxe3 21. Bxh7+ Kf8 22. Rxe3 g6 23. f4 Kg7 24. g4 Rh8 25. Reh3 Nf8 26. f5 Rxh7 27. fxe6 Rxh4 28. e7 Rxg4+ 29. Kf2 Re8 0-1

[Event "European Rapid Championship 2021"]
[Site "Katowice"]
[Date "2021.12.18"]
[Round "2.20"]
[White "Koubova, Anna Marie"]
[Black "Fus, Jakub"]
[Result "0-1"]
[ECO "E21"]
[WhiteElo "1837"]
[BlackElo "2252"]
[Annotator "ChessBase"]
[PlyCount "100"]
[EventDate "2021.12.18"]
[EventType "swiss"]
[EventCountry "POL"]
[SourceTitle "playchess.com"]
[Source "ChessBase"]
[SourceQuality "1"]
[TimeControl "900+10"]

1. d4 Nf6 2. c4 e6 3. Nf3 Bb4+ 4. Nc3 O-O 5. Bd2 d5 6. e3 b6 7. cxd5 exd5 8. Bd3 Bb7 9. O-O c5 10. Ne5 Nc6 11. Ne2 Bxd2 12. Nxc6 Bxc6 13. Qxd2 c4 14. Bc2 b5 15. Ng3 a5 16. f3 Re8 17. Rae1 Qb6 18.
Qf2 Rad8 19. Nf5 Bd7 20. Nh4 Be6 21. g4 h6 22. Kh1 Nh7 23.
Ng2 b4 24. Qh4 Bc8 25. Nf4 g5 26. Qh5 gxf4 27. Bxh7+ Kxh7 28.
Qxf7+ Kh8 29. Qxf4 Rf8 30. Qe5+ Qf6 31. Qc7 Rf7 32. Qxa5 Rdf8 33. Qxb4 Qg7 34. Qd6 Bxg4 35. f4 Bf5 36. Qxd5 Rd7 37. Qg2 Qxg2+ 38. Kxg2 Be4+ 39. Kf2 Rb8 40. b3 c3 41. Rc1 Rc7 42. Rfd1 Ra8 43. Ra1 Rg7 44. Rg1 Rga7 45. a4 Rb8 46. Ra3 Rab7 47. b4 Rxb4 48. Rxc3 Rb2+ 49. Kg3 Rg8+ 50. Kh4 Rxh2# 0-1

[Event "European Rapid Championship 2021"]
[Site "Katowice"]
[Date "2021.12.18"]
[Round "2.21"]
[White "Brodowski, Piotr"]
[Black "Pozimski, Szymon"]
[Result "1-0"]
[ECO "D20"]
[WhiteElo "2414"]
[BlackElo "1911"]
[Annotator "NA"]
[PlyCount "57"]
[EventDate "2021.12.18"]
[EventType "swiss"]
[EventCountry "POL"]
[SourceTitle "playchess.com"]
[Source "ChessBase"]
[SourceQuality "1"]
[TimeControl "900+10"]

1. d4 d5 2. c4 dxc4 3. e4 e5 4. Nf3 Bb4+ 5. Bd2 Bxd2+ 6.
Qxd2 exd4 7. Qxd4 Qxd4 8. Nxd4 Bd7 9. Bxc4 Ne7 10. Nc3 a6 11.
O-O-O b5 12. Bb3 c5 13. Nf3 c4 14. Bc2 Bg4 15. Nd5 Nxd5 16.
Rxd5 O-O 17. Nd4 Be6 18. Rd6 Ra7 19. Rd1 Bc8 20. e5 Rc7 21.
f4 Bg4 22. Rd2 c3 23. bxc3 Rxc3 24. Kb2 Rc7 25. Bb3 Bc8 26. e6 fxe6 27. Nxe6 Bxe6 28. Bxe6+ Kh8 29. Rd8 1-0

[Event "European Rapid Championship 2021"]
[Site "Katowice"]
[Date "2021.12.18"]
[Round "2.21"]
[White "Szczygiel, Konrad"]
[Black "Grabarczyk, Miroslaw"]
[Result "0-1"]
[ECO "D31"]
[WhiteElo "1835"]
[BlackElo "2373"]
[Annotator "NA"]
[PlyCount "58"]
[EventDate "2021.12.18"]
[EventType "swiss"]
[EventCountry "POL"]
[SourceTitle "playchess.com"]
[Source "ChessBase"]
[SourceQuality "1"]
[TimeControl "900+10"]

1. d4 d5 2. c4 e6 3. Nc3 Be7 4. Nf3 Nf6 5. e3 O-O 6. Bd3 b6 7. e4 dxe4 8. Nxe4 Bb7 9. Nxf6+ Bxf6 10. h4 Bxf3 11. Qxf3 Qxd4 12. Qxa8 Qxd3 13. Qf3 Qxc4 14. Qe2 Qb4+ 15. Kf1 Nc6 16. Bg5 Qxb2 17. Rc1 Qxe2+ 18. Kxe2 Nd4+ 19. Ke3 c5 20. Bxf6 gxf6 21. g3 Rd8 22. Rhd1 f5 23. Rd2 Kg7 24. Rb2 Rd5 25. a4 Kf6 26. a5 b5 27. Rxc5 Rxc5 28.
Kxd4 Rc4+ 29. Kd3 a6 0-1

[Event "European Rapid Championship 2021"]
[Site "Katowice"]
[Date "2021.12.18"]
[Round "2.22"]
[White "Wisniewski, Michal"]
[Black "Vercelli, Alessandro"]
[Result "1-0"]
[ECO "A05"]
[WhiteElo "2248"]
[BlackElo "1830"]
[Annotator "NA"]
[PlyCount "59"]
[EventDate "2021.12.18"]
[EventType "swiss"]
[EventCountry "POL"]
[SourceTitle "playchess.com"]
[Source "ChessBase"]
[SourceQuality "1"]
[TimeControl "900+10"]

1. Nf3 Nf6 2. c4 e6 3. g3 b6 4. Bg2 Bb7 5. O-O Be7 6. b3 O-O 7. Bb2 d5 8. e3 c5 9. Nc3 Nbd7 10. Qe2 Rc8 11. Rac1 Qc7 12. Rfd1 Qb8 13. cxd5 exd5 14. d4 Rfd8 15. Na4 Ne4 16. dxc5 bxc5 17. Nd2 Ndf6 18. Nxe4 Nxe4 19. Qg4 Nf6 20. Bxf6 Bxf6 21. Rxc5 Rxc5 22. Nxc5 Bc6 23. Nd3 Qb5 24. Nf4 g6 25. Qe2 d4 26. Qxb5 Bxb5 27. Nd5 Bg7 28. exd4 f6 29. Nc7 Kf7 30. Nxb5 1-0

[Event "European Rapid Championship 2021"]
[Site "Katowice"]
[Date "2021.12.18"]
[Round "2.22"]
[White "Janeczko, Jakub"]
[Black "Dragnev, Valentin"]
[Result "0-1"]
[ECO "B01"]
[WhiteElo "1900"]
[BlackElo "2409"]
[Annotator "NA"]
[PlyCount "52"]
[EventDate "2021.12.18"]
[EventType "swiss"]
[EventCountry "POL"]
[SourceTitle "playchess.com"]
[Source "ChessBase"]
[SourceQuality "1"]
[TimeControl "900+10"]

1. e4 d5 2. exd5 Qxd5 3. Nc3 Qa5 4. d4 Nf6 5. Bd2 Bg4 6. Be2 Bxe2 7. Qxe2 Nc6 8. Nf3 O-O-O 9. Ne4 Qf5 10. Neg5 Nd5 11. O-O-O h6 12. g4 Qg6 13. Ne4 e6 14. Rhg1 Be7 15. g5 hxg5 16. Bxg5 Bxg5+ 17. Rxg5 Qh6 18. Kb1 Nf6 19. Nc5 Nxd4 20. Rxd4 Rxd4 21. c3 Rd6 22. Rg1 Qh5 23. Rg5 Qh7+ 24. Kc1 Rhd8 25. Nd4 Qxh2 26. Rxg7 Qh6+ 0-1

[Event "European Rapid Championship 2021"]
[Site "Katowice"]
[Date "2021.12.18"]
[Round "2.23"]
[White "Blohberger, Felix"]
[Black "Vingris, Mikelis"]
[Result "1-0"]
[ECO "A04"]
[WhiteElo "2409"]
[BlackElo "1904"]
[Annotator "ChessBase"]
[PlyCount "77"]
[EventDate "2021.12.18"]
[EventType "swiss"]
[EventCountry "POL"]
[SourceTitle "playchess.com"]
[Source "ChessBase"]
[SourceQuality "1"]
[TimeControl "900+10"]

1. Nf3 c5 2. g3 Nc6 3. Bg2 e5 4. d3 d6 5. O-O g6 6. c4 Bg7 7. Nc3 Nge7 8. Ne1 O-O 9. Nc2 Be6 10. Rb1 a5 11. Ne3 h6 12. Ned5 f5 13.
a3 Kh7 14. Bd2 Rb8 15. b4 axb4 16. axb4 Bxd5 17. Nxd5 Nxd5 18. Bxd5 Ne7 19. Bg2 cxb4 20. Rxb4 Qc7 21. Rb5 Nc6 22. e3 Na7 23. Rd5 b5 24. Bb4 Rf6 25. c5 dxc5 26. Rxc5 Qf7 27. Rxe5 Nc6 28. Bxc6 Rxc6 29. Re7 Qf6 30. Qb3 Kh8 31. Rf7 Qe5 32. d4 Qe4 33. Re7 Qc2 34. Qf7 Rg8 35.
Bc5 Qa4 36. Ra7 Qc2 37. Bf8 Qc4 38. Bxg7+ Kh7 39. Be5+ 1-0